[Event "Team 45 45 League T52"]
[Site "Internet Chess Club"]
[Date "2012.03.09"]
[Round "4"]
[White "Heian"]
[Black "anna"]
[Result "1-0"]
[WhiteElo "1808"]
[BlackElo "1643"]
[Opening "Two knights defense (Modern bishop's opening)"]
[ECO "C55"]
[Time "17:00:35"]
[TimeControl "2700+45"]

1. e4 e5 2. Nf3 Nc6 3. Bc4 Nf6 4. d3 Be7 5. Nc3 O-O 6. O-O Na5 7. Bb5 c6 8. Ba4
b5 9. Bb3 Nxb3 10. axb3 Qc7 11. Be3 a6 12. Ne2 d5 13. Ng3 dxe4 14. Nxe4 Nxe4 15.
dxe4 Bg4 16. h3 Bh5 17. Qe2 Bg6 18. Bg5 Bxg5 19. Nxg5 f6 20. Ne6 Qb6 21. Nxf8
Rxf8 22. Kh1 Rd8 23. Rfd1 Rxd1+ 24. Rxd1 c5 25. f3 Bf7 26. Qd3 h6 27. Qd8+ Qxd8
28. Rxd8+ Kh7 29. Ra8 c4 30. bxc4 Bxc4 31. Rxa6 Kg6 32. Kg1 Kf7 33. Kf2 g5 34.
b3 Be6 35. Rb6 Bd7 36. Ke3 Kg6 37. c4 bxc4 38. bxc4 h5 39. c5 Kf7 40. c6 Bc8 41.
Rb8 Be6 42. c7 Ke7 43. c8=Q Bxc8 44. Rxc8 Kf7 45. Rd8 h4 46. Kd3 Ke7 47. Rd5 Ke6
48. Kc4 Ke7 49. Kc5 Ke6 50. Kc6 Ke7 51. Rd6 Kf7 52. Kd5 Ke7 53. Rc6 Kf7 54. Re6
Kg7 55. Kd6 Kg6 56. Ke7 Kg7 57. Rxf6 Kh7 58. Kf7 Kh8 59. Rh6# {Black checkmated}
1-0

[Event "Team 45 45 League T52"]
[Site "Internet Chess Club"]
[Date "2012.03.10"]
[Round "4"]
[White "juniorVishy"]
[Black "Juan73"]
[Result "1-0"]
[WhiteElo "1668"]
[BlackElo "1714"]
[Opening "Queen's gambit accepted"]
[ECO "D20"]
[Time "19:04:40"]
[TimeControl "2700+45"]

1. d4 d5 2. c4 dxc4 3. e3 Nf6 4. Bxc4 Nc6 5. Nf3 Bg4 6. Qb3 e6 7. Qxb7 Bxf3 8.
gxf3 Ne7 9. Bb5+ Nd7 10. Nc3 Qc8 11. Qxc8+ Rxc8 12. Bd2 Rb8 13. Bxd7+ Kxd7 14.
Rb1 Nc6 15. Ke2 Rb7 16. Ne4 Be7 17. Rhc1 Rhb8 18. b3 a5 19. Nc5+ Bxc5 20. Rxc5
a4 21. Rbc1 axb3 22. axb3 Ne7 23. e4 c6 24. b4 Ra8 25. Ra5 Rxa5 26. bxa5 Nc8 27.
Ra1 Ra7 28. Bb4 Ra6 29. Bc3 Nd6 30. Kd3 g6 31. Bb4 Nb5 32. Kc4 f6 33. f4 h6 34.
Rg1 g5 35. e5 fxe5 36. fxg5 hxg5 37. dxe5 Nc7 38. Rxg5 Nd5 39. h4 Ke8 40. h5 Kf7
41. h6 Nxb4 42. Kxb4 Ra8 43. h7 Rh8 44. Rh5 Kg6 45. Rh1 Kf5 46. a6 Kg6 47. a7
Kg7 48. Kc5 Ra8 49. h8=Q+ {Black resigns} 1-0

[Event "Team 45 45 League T52"]
[Site "Internet Chess Club"]
[Date "2012.03.11"]
[Round "4"]
[White "lasker25"]
[Black "superbeast"]
[Result "1/2-1/2"]
[WhiteElo "1925"]
[BlackElo "2001"]
[Opening "Sicilian: closed, 6.f4 e5 (Botvinnik)"]
[ECO "B25"]
[Time "18:03:30"]
[TimeControl "2700+45"]

1. e4 c5 2. Nc3 Nc6 3. g3 g6 4. Bg2 Bg7 5. d3 d6 6. f4 e5 7. Nh3 exf4 8. Bxf4
Nge7 9. O-O O-O 10. Qd2 Rb8 11. Bh6 b5 12. Bxg7 Kxg7 13. Nf4 b4 14. Ncd5 Nxd5
15. Nxd5 Ne7 16. Nf6 Ng8 17. Nd5 Ne7 18. Nf6 Ng8 19. Nd5 {Game drawn by mutual
agreement} 1/2-1/2

[Event "Team 45 45 League T52"]
[Site "Internet Chess Club"]
[Date "2012.03.10"]
[Round "4"]
[White "Tobiasdelmonte"]
[Black "vaknight"]
[Result "0-1"]
[WhiteElo "1812"]
[BlackElo "1765"]
[Opening "Dutch: classical variation"]
[ECO "A96"]
[Time "12:30:36"]
[TimeControl "2700+45"]

1. c4 f5 2. Nf3 Nf6 3. g3 e6 4. Bg2 Be7 5. O-O O-O 6. d4 d6 7. Nc3 c6 8. Bg5
Nbd7 9. b3 h6 10. Bd2 Qe8 11. Qc2 d5 12. cxd5 Nxd5 13. e4 fxe4 14. Nxe4 N7f6 15.
Ne5 Nd7 16. Ng4 h5 17. Ne3 N7f6 18. Ng5 g6 19. Nc4 Nb4 20. Qb1 Kg7 21. Qe1 Nc2
22. Qe5 Nxa1 23. Rxa1 Kg8 24. Re1 Bd8 25. h3 Qe7 26. Bc1 Nd5 27. Ba3 Qxg5 28.
Bxf8 Qxe5 29. Nxe5 Kxf8 30. Nxg6+ Kg7 31. Ne5 Bb6 32. Rd1 Nf6 33. a4 Bd7 34. Nc4
Bc7 35. a5 Rd8 36. Kf1 Be8 37. Ke2 Bg6 38. a6 Bc2 39. Rc1 Bxb3 40. axb7 Rxd4 41.
Na5 Ba4 42. Bxc6 Rb4 43. Bxa4 Bxa5 44. Bc6 Nd5 45. Rc5 Rb2+ 46. Kf1 Bd8 47. Rb5
Rxb5 48. Bxb5 Bc7 49. Ke1 Kf6 50. Kd2 e5 51. Kd3 Ke6 52. Kc4 Kd6 53. h4 a5 54.
Be8 Nf6 55. Ba4 Nd7 56. Bd1 Bb6 57. Bxh5 Bxf2 58. g4 Bxh4 59. Kb5 Kc7 60. Kxa5
Kxb7 61. Kb5 Kc7 62. Kc4 Kd6 63. Bg6 Nf6 64. Bf5 Bg5 65. Bc8 Nd5 66. Kd3 Nf6 67.
Bf5 Kc5 68. Bc8 e4+ 69. Ke2 Kd4 70. Be6 e3 71. Bc8 Ne4 72. Kf3 Nd2+ 73. Ke2 Ke4
74. Bf5+ Kf4 75. Bc8 Kg3 76. Bf5 Nb3 77. Bc8 Nc1+ 78. Ke1 Kf3 79. Bf5 Bh4+ 80.
Kd1 e2+ {White resigns} 0-1

[Event "Team 45 45 League T52"]
[Site "Internet Chess Club"]
[Date "2012.03.08"]
[Round "4"]
[White "CheeryCherry"]
[Black "quotha"]
[Result "1-0"]
[WhiteElo "1459"]
[BlackElo "1630"]
[Opening "Nimzovich-Larsen attack: Indian variation"]
[ECO "A01"]
[Time "16:32:09"]
[TimeControl "2700+45"]

1. b3 Nf6 2. Bb2 d6 3. e3 e5 4. d4 exd4 5. Qxd4 Nc6 6. Bb5 Bd7 7. Bxc6 Bxc6 8.
Nf3 Be7 9. Nbd2 O-O 10. O-O-O a5 11. a3 Ne8 12. Ne4 Bxe4 13. Qxe4 b5 14. Nd4 d5
15. Qf3 Bf6 16. Nxb5 Bxb2+ 17. Kxb2 c6 18. Nd4 Qb6 19. Nf5 a4 20. b4 Nf6 21. Qg3
g6 22. Qe5 Rfe8 23. Qxf6 gxf5 24. Qxf5 Re4 25. h4 Rxb4+ 26. axb4 Qxb4+ 27. Kc1
Rb8 28. Qg5+ Kf8 29. Qh6+ Kg8 30. Rh3 Qb2+ 31. Kd2 Qb4+ 32. Ke2 Qg4+ 33. Ke1
Qb4+ 34. Kf1 Qc3 35. Rg3+ Kh8 36. Rd4 Rb1+ 37. Ke2 Qxc2+ 38. Kf3 Qf5+ 39. Rf4
{Black resigns} 1-0

[Event "Team 45 45 League T52"]
[Site "Internet Chess Club"]
[Date "2012.03.13"]
[Round "4"]
[White "vigneshv"]
[Black "Muravey"]
[Result "1/2-1/2"]
[WhiteElo "1518"]
[BlackElo "1793"]
[Opening "Nimzo-Indian: classical variation"]
[ECO "E32"]
[Time "18:32:19"]
[TimeControl "2700+45"]

1. d4 Nf6 2. c4 e6 3. Nc3 Bb4 4. Qc2 O-O 5. a3 Bxc3+ 6. Qxc3 d6 7. Bg5 Qe7 8. e3
e5 9. Bd3 e4 10. Bxf6 gxf6 11. Bc2 Bg4 12. h3 Bh5 13. Qd2 f5 14. Ne2 Kh8 15. Ng3
Qg5 16. Nxh5 Qxh5 17. Qe2 Qxe2+ 18. Kxe2 Nd7 19. g4 fxg4 20. hxg4 Nf6 21. g5 Nd7
22. Bxe4 f5 23. gxf6 Nxf6 24. Bc2 Rf7 25. Rag1 Raf8 26. Bg6 Rg7 27. Bf5 Rgf7 28.
Be6 Re7 29. Bf5 Ref7 30. Bd3 Re7 31. Rg2 b6 32. Rh3 c5 33. dxc5 bxc5 34. Rf3 Rb7
35. b4 cxb4 36. axb4 Rxb4 37. Rh2 Rb7 38. Rh6 Kg7 39. Rh4 {Game drawn by mutual
agreement} 1/2-1/2

[Event "Team 45 45 League T52"]
[Site "Internet Chess Club"]
[Date "2012.03.07"]
[Round "4"]
[White "fledermaus"]
[Black "koni"]
[Result "0-1"]
[WhiteElo "1879"]
[BlackElo "1899"]
[Opening "Dutch defense"]
[ECO "A90"]
[Time "14:16:28"]
[TimeControl "2700+45"]

1. d4 e6 2. c4 f5 3. g3 Nf6 4. Bg2 c6 5. Nf3 d5 6. O-O Bd6 7. b3 Qe7 8. Bb2 b6
9. Nbd2 Bb7 10. Ne5 O-O 11. e3 Nbd7 12. Ndf3 Ne4 13. Nxd7 Qxd7 14. Ne5 Qe7 15.
cxd5 cxd5 16. f3 Nf6 17. Qd3 Rac8 18. Rfc1 Nd7 19. f4 Nf6 20. a4 Ne4 21. a5 bxa5
22. Rxa5 a6 23. Raa1 Bb4 24. Qd1 Bd2 25. Rxc8 Rxc8 26. Bxe4 Bxe3+ 27. Kf1 dxe4
28. Qe2 Bxf4 29. gxf4 Qh4 30. Re1 Qxf4+ 31. Qf2 Qh6 32. Nc4 Qh3+ 33. Kg1 Qxb3
34. Na5 Qb5 35. Nxb7 Qxb7 36. Qd2 Qb3 37. Rc1 Rxc1+ 38. Bxc1 h6 39. h4 Qg3+ 40.
Kf1 Qxh4 41. d5 Qh1+ 42. Ke2 Qf3+ 43. Ke1 Qh1+ 44. Ke2 Qg2+ 45. Ke3 Qxd2+ 46.
Bxd2 exd5 47. Kd4 Kf7 48. Ke5 Kg6 49. Kxd5 Kh5 50. Bc3 g5 51. Bg7 a5 {White
resigns} 0-1

[Event "Team 45 45 League T52"]
[Site "Internet Chess Club"]
[Date "2012.03.10"]
[Round "4"]
[White "kabindra"]
[Black "diegoami"]
[Result "1/2-1/2"]
[WhiteElo "1811"]
[BlackElo "1746"]
[Opening "Sicilian: Taimanov (Bastrikov) variation"]
[ECO "B47"]
[Time "13:00:37"]
[TimeControl "2700+45"]

1. e4 c5 2. Nf3 e6 3. d4 cxd4 4. Nxd4 Nc6 5. Nc3 Qc7 6. Ndb5 Qb8 7. Be3 Nf6 8.
Be2 a6 9. Nd4 Bb4 10. f3 O-O 11. O-O Bxc3 12. bxc3 d5 13. Rb1 Qc7 14. Bg5 dxe4
15. Bxf6 gxf6 16. fxe4 Qe5 17. Nxc6 bxc6 18. Qd3 a5 19. Qf3 f5 20. Bd3 Qxc3 21.
exf5 exf5 22. Qh5 Qd4+ 23. Kh1 Qg4 24. Qh6 Qg6 25. Qf4 Qg4 26. Qc7 Be6 27. Rf3
Kh8 28. Rg3 Qd4 29. Qxc6 Rac8 30. Qf3 Rg8 31. a3 Qe5 32. Rf1 Rc3 33. Rxg8+ Kxg8
34. a4 Ra3 35. Qa8+ Kg7 36. Qd8 Rxa4 37. Qg5+ Kh8 38. Qd8+ Kg7 39. Qg5+ Kh8
{Game drawn by mutual agreement} 1/2-1/2

[Event "Team 45 45 League T52"]
[Site "Internet Chess Club"]
[Date "2012.03.12"]
[Round "4"]
[White "vvsi"]
[Black "Portola"]
[Result "1/2-1/2"]
[WhiteElo "1656"]
[BlackElo "1706"]
[Opening "French: exchange variation"]
[ECO "C01"]
[Time "19:00:19"]
[TimeControl "2700+45"]

1. e4 e6 2. d4 d5 3. exd5 exd5 4. Nf3 Nf6 5. c4 c6 6. Be2 Be7 7. O-O O-O 8. Qb3
Nbd7 9. Bg5 Nb6 10. c5 Nbd7 11. Nc3 b6 12. cxb6 axb6 13. Rfe1 Re8 14. Rac1 Bb7
15. Bd3 c5 16. Bb1 g6 17. Rcd1 c4 18. Qc2 Bc6 19. Rd2 b5 20. Rde2 b4 21. Nd1 Ne4
22. Bh6 Ba4 23. b3 cxb3 24. axb3 Bb5 25. Re3 Bf8 26. Bf4 Ra6 27. Qb2 Rae6 28.
Nd2 Qf6 29. Nxe4 Qxf4 30. g3 Qg4 31. f3 Qh5 32. g4 Qh4 33. Ng3 Rxe3 34. Rxe3
Rxe3 35. Nxe3 Nb6 36. Qc2 Bd6 37. Kg2 Bf4 38. Nef1 Qe7 39. Nh5 Bd6 40. Nhg3 Qe1
41. Nd2 Qe7 42. Ndf1 Qc7 43. Qxc7 Bxc7 44. Ne3 Bd8 45. f4 Bf6 46. Nc2 Bd3 47. f5
Bxc2 48. Bxc2 Bxd4 49. fxg6 hxg6 50. Ne2 Be5 51. h3 Nd7 52. Kf3 Nc5 53. Ke3 Kg7
54. Nc1 Kf6 55. Nd3 Nxd3 56. Kxd3 Kg5 57. Ke3 Kh4 58. Kf3 Kxh3 59. Bd3 Kh4 60.
Bb5 Kg5 61. Be8 f5 62. gxf5 gxf5 63. Bd7 Bc3 64. Bb5 Kf6 65. Bd7 Ke5 66. Bb5 f4
67. Ke2 Kd4 68. Bc6 Bb2 69. Bb7 Ke4 70. Kf1 Bd4 71. Bc6 Bc5 72. Bb7 Ke5 73. Ke2
Be3 74. Kd3 Bc5 75. Ke2 Be3 76. Kd3 d4 77. Bf3 Bf2 78. Bg4 Be1 79. Bf3 Bc3 80.
Bg4 Kf6 81. Ke4 Kg5 82. Bf3 Bb2 83. Be2 {Game drawn by mutual agreement} 1/2-1/2

[Event "Team 45 45 League T52"]
[Site "Internet Chess Club"]
[Date "2012.03.12"]
[Round "4"]
[White "RD1974"]
[Black "ElmerHo"]
[Result "1-0"]
[WhiteElo "1682"]
[BlackElo "1475"]
[Opening "Bishop's opening: Berlin defense"]
[ECO "C24"]
[Time "18:00:37"]
[TimeControl "2700+45"]

1. e4 e5 2. Bc4 Nf6 3. d3 c6 4. Nf3 d5 5. Bb3 Bd6 6. O-O O-O 7. Bg5 dxe4 8. dxe4
h6 9. Bh4 Qe7 10. Nc3 Be6 11. Bxf6 Qxf6 12. Qxd6 Rd8 13. Qxe5 Nd7 14. Qxf6 Nxf6
15. Bxe6 {Black resigns} 1-0

[Event "Team 45 45 League T52"]
[Site "Internet Chess Club"]
[Date "2012.03.08"]
[Round "4"]
[White "SlimeDog2"]
[Black "DARKwizard1"]
[Result "1-0"]
[WhiteElo "2085"]
[BlackElo "2059"]
[Opening "Queen's pawn: Lundin (Kevitz-Mikenas) defense"]
[ECO "A40"]
[Time "20:00:43"]
[TimeControl "2700+45"]

1. d4 Nc6 2. d5 Ne5 3. e4 d6 4. c4 Nf6 5. Nc3 c6 6. f4 Ng6 7. Nf3 e6 8. Bd3 Qb6
9. Qe2 Be7 10. e5 dxe5 11. fxe5 Nd7 12. Be3 Qa5 13. dxe6 Ndxe5 14. exf7+ Nxf7
15. Bd2 Qc7 16. O-O O-O 17. Rae1 Bc5+ 18. Be3 Re8 19. Qf2 Bxe3 20. Rxe3 Rxe3 21.
Qxe3 Qe7 22. Re1 Qxe3+ 23. Rxe3 Nd6 24. c5 Nf5 25. Re8+ Kf7 26. Rxc8 Rxc8 27.
Bxf5 Rd8 28. Kf2 Ne7 29. Bc2 g6 30. Ke3 Kf6 31. Ne4+ Kg7 32. Nd6 b6 33. Ng5 Nd5+
34. Kd4 Rd7 35. Be4 Ne7 36. Ne6+ Kf6 37. Nf8 Rd8 38. Nxh7+ Kg7 39. Ng5 Kf6 40.
h4 Nc8 41. Nf7 Rf8 42. Bxc6 Ne7 43. Be4 bxc5+ 44. Kxc5 Rb8 45. b4 {Black
resigns} 1-0

[Event "Team 45 45 League T52"]
[Site "Internet Chess Club"]
[Date "2012.03.10"]
[Round "4"]
[White "SimplyClaudia"]
[Black "katikus"]
[Result "0-1"]
[WhiteElo "1838"]
[BlackElo "1821"]
[Opening "QGD Slav: exchange variation, 6.Bf4 Bf5"]
[ECO "D14"]
[Time "19:00:30"]
[TimeControl "2700+45"]

1. d4 d5 2. c4 c6 3. cxd5 cxd5 4. Nc3 Nf6 5. Nf3 Nc6 6. Bf4 Bf5 7. e3 e6 8. Bb5
Bd6 9. Bg3 O-O 10. O-O Rc8 11. Rc1 a6 12. Bd3 Bg6 13. Ne5 Bxe5 14. Bxe5 Nxe5 15.
dxe5 Bxd3 16. Qxd3 Ng4 17. Qd4 Rc4 18. Qa7 Qb8 19. Qxb8 Rxb8 20. b3 Rc7 21. Ne2
Rbc8 22. h3 Nxe5 23. Rxc7 Rxc7 24. Nd4 Nd3 25. f4 Rc1 26. Rxc1 Nxc1 27. a4 Kf8
28. Kf2 Ke7 29. Ke1 Nd3+ 30. Kd2 Nc5 31. Kc2 Kd6 32. Nf3 Ne4 33. g4 h6 34. h4 f6
35. Nd4 b6 36. b4 g5 37. hxg5 hxg5 38. fxg5 Nxg5 39. Kd3 Nf7 40. Nf3 Ne5+ 41.
Nxe5 Kxe5 42. Kd2 Ke4 43. Ke2 e5 44. b5 a5 45. Kf2 d4 46. exd4 Kxd4 47. Kf3 e4+
48. Kf4 e3 49. Kf5 e2 50. Kxf6 e1=Q 51. g5 Qe5+ 52. Kg6 Kd5 53. Kh6 Ke6 54. g6
Kf6 55. Kh7 Qh5+ 56. Kg8 Qxg6+ 57. Kf8 Qf7# {White checkmated} 0-1

[Event "Team 45 45 League T52"]
[Site "Internet Chess Club"]
[Date "2012.03.11"]
[Round "4"]
[White "plutonas"]
[Black "Mobtaker"]
[Result "1/2-1/2"]
[WhiteElo "1535"]
[BlackElo "1684"]
[Opening "Four knights: Belgrade gambit"]
[ECO "C47"]
[Time "17:00:24"]
[TimeControl "2700+45"]

1. e4 e5 2. Nf3 Nc6 3. Nc3 Nf6 4. d4 exd4 5. Nd5 Bc5 6. Bg5 d6 7. Bb5 Bd7 8. O-O
h6 9. Bxf6 gxf6 10. a3 Rg8 11. Qd2 a6 12. Ba4 b5 13. Bb3 Ne5 14. Nxe5 dxe5 15.
Qxh6 Be7 16. Qh7 Rf8 17. f4 c6 18. Nxe7 Qxe7 19. fxe5 fxe5 20. Rf3 Be6 21. Bxe6
Qxe6 22. Raf1 Ra7 23. b3 Re7 24. Rf6 Qd7 25. h4 Re6 26. Qg7 a5 27. h5 Qe7 28.
Rxe6 fxe6 29. Rxf8+ Qxf8 30. Qxf8+ Kxf8 31. g4 c5 32. Kf2 Kg7 33. g5 Kf7 34. Ke2
Kg7 35. Kd3 Kf7 36. c3 a4 37. bxa4 bxa4 38. c4 Kg7 39. Kd2 Kh7 40. Ke2 Kg7 41.
Kf3 Kg8 42. h6 Kh7 43. Kg4 Kg8 44. g6 Kh8 45. h7 Kg7 46. Kg3 Kh8 47. Kf3 Kg7 48.
Ke2 Kh8 {Game drawn by mutual agreement} 1/2-1/2

[Event "Team 45 45 League T52"]
[Site "Internet Chess Club"]
[Date "2012.03.10"]
[Round "4"]
[White "Gilguli"]
[Black "BotanicalKnight"]
[Result "0-1"]
[WhiteElo "1441"]
[BlackElo "1502"]
[Opening "Caro-Kann: Rasa-Studier gambit"]
[ECO "B15"]
[Time "15:02:52"]
[TimeControl "2700+45"]

1. e4 c6 2. d4 d5 3. Nc3 dxe4 4. f3 exf3 5. Nxf3 Bf5 6. Bc4 e6 7. O-O Be7 8. Ne5
Bg6 9. Be3 Nf6 10. Nxg6 hxg6 11. Qf3 Nbd7 12. Rae1 Qa5 13. Bf4 Qh5 14. Qe3 Ng4
15. Qg3 Bh4 16. Qf3 Bxe1 17. Rxe1 Ngf6 18. Qe3 O-O 19. Be2 Qa5 20. Bc4 c5 21.
Bd6 cxd4 22. Qxd4 Rfc8 23. Re3 Qb6 24. Qxb6 Nxb6 25. Bb3 Nbd5 26. Nxd5 Nxd5 27.
Rd3 Nf6 28. c4 Ne4 29. Be5 Nc5 30. Rc3 Nxb3 31. axb3 f6 32. Bd6 Rc6 33. c5 Rd8
34. b4 b6 35. Rd3 bxc5 36. bxc5 Rxc5 37. Bxc5 Rxd3 38. Bxa7 Rd1+ 39. Kf2 Rd2+
40. Ke3 Rxb2 41. Kd4 Rxg2 {White resigns} 0-1